 Dungeon Crawl Stone Soup version 0.24-a0-769-g368c1644f8 (webtiles) character file.

Game seed: 2483183061734637465, levelgen mode: deterministic

195311 Heliosone the Fencer (level 19, -1/155 HPs)
             Began as a Human Gladiator on Oct 6, 2019.
             Was an Initiate of Gozag.
             Slain by a merfolk impaler
             ... wielding a +1 trident of freezing
              (6 damage)
             ... on level 2 of the Shoals.
             The game lasted 02:41:12 (43845 turns).

Heliosone the Fencer (Human Gladiator)             Turns: 43845, Time: 02:41:12

Health: -1/155     AC: 48    Str: 18    XL:     19   Next: 3%
Magic:  28/28      EV: 10    Int: 12    God:    Gozag
Gold:   700        SH:  0    Dex: 20    Spells: 18/18 levels left

rFire    + . .     SeeInvis +   b - +2 great sword (elec)
rCold    . . .     Gourm    .   (shield currently unavailable)
rNeg     + . .     Faith    .   g - +13 crystal plate armour of Caodapn {+Blink MR+++ MP+9 Str-4}
rPois    +         Spirit   .   W - +1 hat {MR+}
rElec    .         Reflect  .   o - +2 cloak {rPois}
rCorr    .         Harm     .   u - +2 pair of gloves {Dex+3}
MR       +++++                  V - +2 pair of boots {run}
Stlth    ..........             l - amulet of regeneration
HPRegen  0.75/turn              B - ring "Xoorociv" {Fire +Fly MR+ SInv}
MPRegen  0.21/turn              E - ring "Ciafrih" {rC+ rN+ Str+2 Int+3}

@: studying Fighting, very slow
A: no striking features
}: 1/15 runes: serpentine
a: Potion Petition, Call Merchant, Bribe Branch, Renounce Religion, Evoke Blink,
Evoke Flight


You were on level 2 of the Shoals.
You worshipped Gozag.
Gozag was pleased with you.
You were not hungry.

You visited 6 branches of the dungeon, and saw 30 of its levels.

You collected 11629 gold pieces.
You spent 5819 gold pieces at shops.
You paid 5110 gold pieces to Gozag.

Inventory:

Hand Weapons
 a - the +1 fustibalus "Spiderbane" {velocity, rElec MR+}
   (You bought it in a shop on level 2 of the Orcish Mines)

   Any stone fired from it inflicts extra damage.
   It insulates you from electricity.
   It affects your resistance to hostile enchantments.
 b - a +2 great sword of electrocution (weapon)
Missiles
 A - 112 sling bullets
 O - 5 throwing nets
 S - a poisoned dart (quivered)
Armour
 g - the +13 crystal plate armour of Caodapn (worn) {+Blink MR+++ MP+9 Str-4}
   (You bought it in a shop on level 8 of the Dungeon)

   It affects your strength (-4).
   It affects your resistance to hostile enchantments.
   It affects your magic capacity (+9).
   It lets you blink.
 o - a +2 cloak of poison resistance (worn)
 u - a +2 pair of gloves of dexterity (worn)
 V - a +2 pair of boots of running (worn)
 W - a +1 hat of magic resistance (worn)
Jewellery
 l - an amulet of regeneration (around neck)
 B - the ring "Xoorociv" (left hand) {Fire +Fly MR+ SInv}
   (You found it on level 5 of the Lair of Beasts)

   [ring of fire]

   It enhances your fire magic.
   It protects you from fire.
   It makes you vulnerable to cold.
   It affects your resistance to hostile enchantments.
   It lets you see invisible.
   It lets you fly.
 E - the ring "Ciafrih" (right hand) {rC+ rN+ Str+2 Int+3}
   (You found it on level 12 of the Dungeon)

   [ring of positive energy]

   It affects your strength (+2).
   It affects your intelligence (+3).
   It protects you from cold.
   It protects you from negative energy.
Wands
 c - a wand of iceblast (14)
 d - a wand of disintegration (3)
 j - a wand of clouds (3)
 r - a wand of acid (12)
 F - a wand of paralysis (25)
 Q - a wand of flame (33)
 Z - a wand of digging (16)
Scrolls
 n - 4 scrolls of remove curse
 y - a scroll of fear
 G - a scroll of identify
 P - 4 scrolls of teleportation
Potions
 p - 9 potions of curing
 t - 6 potions of haste
 I - 6 potions of heal wounds
 K - 8 potions of might
 L - 5 potions of lignification
 M - a potion of berserk rage
Books
 C - a manual of Fighting
Miscellaneous
 v - a fan of gales
Comestibles
 f - 8 rations


   Skills:
 - Level 15.0 Fighting
 + Level 18.2 Long Blades
 - Level 6.0(6.2) Slings
 - Level 2.0(4.3) Throwing
 - Level 15.0 Armour
 - Level 15.0 Dodging
   Level 4.4 Shields


You had 18 spell levels left.
You didn't know any spells.
Your spell library contained the following spells:

 Spells                   Type           Power        Failure   Level  Hunger
 Beastly Appendage        Tmut           #.....       100%        1    ##.....
 Confusing Touch          Hex            #.....       100%        1    ##.....
 Flame Tongue             Conj/Fire      #....        100%        1    ##.....
 Summon Small Mammal      Summ           #...         100%        1    ##.....
 Call Imp                 Summ           #.......     100%        2    ###....
 Corpse Rot               Necr           N/A          100%        2    ###....
 Sticks to Snakes         Tmut           #.......     100%        2    ###....
 Call Canine Familiar     Summ           #.......     100%        3    ####...
 Confuse                  Hex            #.......     100%        3    ####...
 Gell's Gravitas          Tloc           #.........   100%        3    ####...
 Ignite Poison            Fire/Tmut/Pois #.......     100%        3    ####...
 Spider Form              Tmut/Pois      #.........   100%        3    ####...
 Stone Arrow              Conj/Erth      #.....       100%        3    ####...
 Summon Guardian Golem    Hex/Summ       #.......     100%        3    ####...
 Teleport Other           Tloc           #.......     100%        3    ####...
 Cause Fear               Hex            #.........   100%        4    #####..
 Ice Form                 Ice/Tmut       #.......     100%        4    #####..
 Leda's Liquefaction      Hex/Erth       #.........   100%        4    #####..
 Petrify                  Tmut/Erth      #.......     100%        4    #####..
 Summon Ice Beast         Ice/Summ       #.......     100%        4    #####..
 Summon Lightning Spire   Summ/Air       #.......     100%        4    #####..
 Blade Hands              Tmut           #.........   100%        5    ######.
 Bolt of Magma            Conj/Fire/Erth #.........   100%        5    ######.
 Fireball                 Conj/Fire      #.........   100%        5    ######.
 Irradiate                Conj/Tmut      #.........   100%        5    ######.
 Iskenderun's Battlesphe  Conj/Chrm      #.......     100%        5    ######.
 Metabolic Englaciation   Hex/Ice        #.........   100%        5    ######.
 Silence                  Hex/Air        #.........   100%        5    ######.
 Summon Forest            Summ/Tloc      #.........   100%        5    ######.
 Venom Bolt               Conj/Pois      #.........   100%        5    ######.
 Yara's Violent Unravell  Hex/Tmut       #.........   100%        5    ######.
 Bolt of Fire             Conj/Fire      #.........   100%        6    #######
 Deflect Missiles         Chrm/Air       #.........   100%        6    #######
 Dispersal                Tloc           #.........   100%        6    #######
 Hydra Form               Tmut           #.........   100%        6    #######
 Iron Shot                Conj/Erth      #.........   100%        6    #######
 Statue Form              Tmut/Erth      #........    100%        6    #######
 Dragon Form              Tmut           #.........   100%        7    #######
 Orb of Destruction       Conj           #.........   100%        7    #######
 Ring of Flames           Chrm/Fire      #.........   100%        7    #######
 Spellforged Servitor     Conj/Summ      #.........   100%        7    #######
 Summon Hydra             Summ           #.........   100%        7    #######
 Discord                  Hex            #.........   100%        8    #######
 Ignition                 Fire           #.........   100%        8    #######
 Dragon's Call            Summ           #.........   100%        9    #######


Dungeon Overview and Level Annotations

Branches:
Dungeon (15/15)            Temple (1/1) D:4            Lair (6/6) D:8
 Shoals (2/4) Lair:3        Snake (4/4) Lair:4        Slime (0/5) Lair:5
    Orc (2/2) D:11            Elf (0/3) Orc:2        Vaults (0/5) D:13
 Depths (0/5) D:15

Altars:
Ashenzari
Cheibriados
Dithmenos
Elyvilon
Fedhas
Gozag
Hepliaklqana
Kikubaaqudgha
Makhleb
Nemelex Xobeh
Okawaru
Qazlal
Ru
Sif Muna
Trog
Uskayaw
Vehumet
Wu Jian
Xom
Yredelemnul
Zin
The Shining One
Beogh
Lugonu

Shops:
D:8 ((*%*   Orc:1 (   Orc:2 ([*=   Snake:3 :

Annotations:
D:2 exclusions: goblin and ogre
Lair:5 exclusion: 2 oklob plants
Snake:4 2 transporters, pentaxis93's ghost, adept DsAK


Message History

* * * LOW HITPOINT WARNING * * *
Your unstable footing causes you to fumble your attack.
The merfolk impaler hits you but does no damage.
Your unstable footing causes you to fumble your attack.
The merfolk impaler hits you with a +1 trident of freezing!
* * * LOW HITPOINT WARNING * * *
The merfolk impaler freezes you.
* * * LOW HITPOINT WARNING * * *
The merfolk impaler hits you but does no damage.
You hit the merfolk impaler.
The merfolk impaler is severely wounded.
The merfolk impaler hits you but does no damage.
You slash the merfolk impaler!
The merfolk impaler is almost dead.
The merfolk impaler hits you but does no damage.
You miss the merfolk impaler.
The merfolk impaler is almost dead.
The merfolk impaler hits you with a +1 trident of freezing.
You die...
Your body crumbles into a pile of gold.

≈≈≈≈≈≈≈≈≈≈≈≈≈≈≈≈
≈≈≈≈≈≈≈≈≈≈≈≈≈≈≈≈
≈≈≈≈≈≈≈≈≈≈≈≈≈≈≈≈
≈≈≈≈≈≈≈≈≈≈≈≈≈≈≈≈
≈≈≈≈≈≈≈≈≈≈≈≈≈≈≈≈
≈≈≈≈≈≈≈≈≈≈≈≈≈≈≈≈
≈≈≈≈≈≈≈≈≈≈≈≈≈≈≈≈
≈≈≈≈≈≈≈≈@m≈≈≈≈≈≈
≈≈≈...≈≈≈≈≈≈≈≈≈≈
≈≈≈≈.....≈≈≈≈≈≈≈
≈≈≈≈.......≈≈≈≈≈
≈≈≈≈.......≈≈≈≈≈
≈...........≈≈≈≈
≈.....##.....≈≈≈
≈.#### ##.....≈≈


You could see a merfolk impaler.

Vanquished Creatures
  Jorgrun (Snake:1)
  Frances (Snake:1)
  Gastronok (D:8)
  Agnes (D:15)
  Roxanne (D:14)
  11 nagarajas
  A fire giant (D:15)
  Aizul (Snake:1)
  An orc warlord (Orc:2)
  Azrael (D:14)
  A merfolk javelineer (Shoals:1)
  The ghost of will825x the Summoner, a journeyman GrEE of Makhleb (Lair:5)
  Josephine (D:9)
  A merfolk impaler (Shoals:2)
  A great orb of eyes (shapeshifter) (D:13)
  An ice dragon (Lair:5)
  7 hydras
  21 naga warriors
  A rakshasa (D:15)
  A merfolk avatar (Shoals:1)
  Erica (D:9)
  4 two-headed ogres
  A catoblepas (Lair:6)
  9 anacondas
  8 death yaks
  3 centaur warriors
  2 tengu warriors
  A deep troll shaman (Lair:6)
  13 naga sharpshooters
  3 orc high priests (Orc:2)
  9 shock serpents
  2 deep elf knights (D:15)
  2 sea snakes (Shoals:1)
  A salamander mystic (Snake:3)
  An unseen horror (D:15)
  A deep elf archer (D:15)
  A wizard (D:13)
  10 naga ritualists
  A wolf spider zombie (D:11)
  A lindwurm (Lair:6)
  3 orc knights (Orc:2)
  A necromancer (D:13)
  10 salamanders
  10 mana vipers
  4 orc sorcerers (Orc:2)
  4 manticores
  5 deep elf magi
  4 cyclopes
  3 centaur zombies
  10 elephants (Lair:6)
  5 guardian serpents
  2 merfolk sirens (Shoals:1)
  30 black mambas
  Joseph (D:9)
  A water nymph (Shoals:1)
  28 naga magi
  3 gargoyles
  5 spiny frogs
  5 centaur skeletons
  3 rime drakes (Lair:5)
  5 komodo dragons
  A tengu conjurer (D:15)
  7 trolls
  A hornet (D:12)
  2 wind drakes (Shoals:1)
  6 meliai
  10 blink frogs
  5 merfolk (Shoals:1)
  Prince Ribbit (D:7)
  17 dream sheep (Lair:6)
  4 slime creatures (D:13)
  A snapping turtle (Shoals:1)
  A harpy skeleton (D:12)
  11 hippogriffs
  2 meliai zombies
  2 vampires
  A water elemental (Shoals:1)
  A spriggan (shapeshifter) (D:15)
  A shadow (D:11)
  46 yaks
  6 wraiths
  2 fire elementals (D:14)
  4 wyverns
  7 basilisks
  Eustachio (D:4)
  2 hungry ghosts
  2 vampire mosquitoes (D:15)
  56 nagas
  A warg (Orc:1)
  4 water moccasins
  An acid dragon (D:15)
  2 hell hounds (D:14)
  6 porcupines
  2 phantoms
  29 orc warriors
  6 ice beasts
  6 sky beasts
  4 necrophages (Lair:4)
  2 black bears
  3 black mamba simulacra (Lair:5)
  9 ogres
  8 wolves
  12 centaurs
  21 crocodiles
  2 big kobolds
  25 bullfrogs
  A gnoll sergeant (D:10)
  4 scorpions
  An elephant simulacrum (Lair:5)
  5 killer bees
  8 wights
  3 electric eels
  3 howler monkeys
  A komodo dragon simulacrum (Lair:5)
  2 bullfrog zombies
  6 crimson imps
  6 jellies
  A quasit (D:8)
  Crazy Yiuf (D:2)
  8 hounds
  31 orc priests
  4 bullfrog skeletons
  28 orc wizards
  Natasha (thrice) (D:4)
  An iguana (D:2)
  8 worker ants
  Robin (D:2)
  A worker ant zombie (D:8)
  A howler monkey skeleton (D:7)
  10 adders
  6 gnolls
  4 shadow imps
  3 oozes
  An adder zombie (D:8)
  5 worms
  4 leopard geckos
  115 orcs
  6 giant cockroaches
  12 goblins
  4 hobgoblins
  14 jackals
  16 kobolds
  5 quokkas
  A ball python (D:4)
  3 bats
  4 frilled lizards
  A leopard gecko skeleton (D:6)
  A leopard gecko zombie (D:5)
  4 rats
962 creatures vanquished.

Vanquished Creatures (others)
  A basilisk (Lair:5)
  2 hydra simulacra (Lair:5)
  A dream sheep simulacrum (Lair:5)
  A butterfly (Lair:5)
  17 fungi
  11 plants
33 creatures vanquished.

Grand Total: 995 creatures vanquished

Notes
Turn   | Place    | Note
-------+----------+-------------------------------------------
     0 | D:1      | Heliosone the Human Gladiator began the quest for the Orb.
     0 | D:1      | Reached XP level 1. HP: 16/16 MP: 1/1
   131 | D:1      | Reached XP level 2. HP: 22/22 MP: 2/2
   377 | D:2      | Found a bloodstained altar of Trog.
   397 | D:2      | Reached XP level 3. HP: 21/28 MP: 3/3
   592 | D:2      | Found an iron altar of Okawaru.
   600 | D:2      | Found a burning altar of Makhleb.
   600 | D:2      | Noticed Robin
   646 | D:2      | Reached XP level 4. HP: 28/34 MP: 4/4
   653 | D:2      | Killed Robin
   768 | D:2      | Found a runed translucent door.
   769 | D:2      | Noticed Crazy Yiuf
   937 | D:2      | Found a sparkling altar of Nemelex Xobeh.
  1383 | D:2      | Noticed an ogre
  1413 | D:2      | Reached XP level 5. HP: 31/41 MP: 5/5
  1904 | D:2      | Reached skill level 4 in Long Blades
  2290 | D:2      | Killed Crazy Yiuf
  2296 | D:2      | HP: 2/41 [poisoned by Crazy Yiuf]
  2304 | D:2      | HP: 2/41 [poisoned by Crazy Yiuf]
  2696 | D:3      | Found a snail-covered altar of Cheibriados.
  2778 | D:3      | Found a shadowy altar of Dithmenos.
  2861 | D:3      | Noticed an ogre
  3077 | D:3      | Reached XP level 6. HP: 47/47 MP: 6/6
  3505 | D:3      | Killed an ogre
  3505 | D:3      | Reached skill level 1 in Armour
  3817 | D:3      | Found a glowing silver altar of Zin.
  4054 | D:4      | Reached XP level 7. HP: 50/54 MP: 7/7
  4229 | D:4      | Got an ichor-stained flail
  4230 | D:4      | Identified the +7 flail "Ruapaokk" {venom, Int+6} (You
                  | found it on level 4 of the Dungeon)
  4274 | D:4      | Reached skill level 5 in Long Blades
  4274 | D:4      | Reached skill level 5 in Dodging
  4402 | D:4      | Noticed Natasha
  4406 | D:4      | Killed Natasha
  4668 | D:4      | Found an opulent altar of Gozag.
  4701 | D:4      | Became a worshipper of Gozag Ym Sagoz the Greedy
  4757 | D:4      | Found a staircase to the Ecumenical Temple.
  4776 | D:4      | Reached XP level 8. HP: 61/61 MP: 8/8
  4786 | Temple   | Entered the Ecumenical Temple
  4892 | D:4      | Noticed Natasha
  4897 | D:4      | Killed Natasha
  4918 | D:5      | Entered Level 5 of the Dungeon
  4986 | D:5      | Reached skill level 5 in Fighting
  5346 | D:5      | Noticed Eustachio
  5434 | D:4      | Noticed Natasha
  5436 | D:4      | Killed Natasha
  5465 | D:4      | Killed Eustachio
  5622 | D:5      | Reached skill level 6 in Long Blades
  6095 | D:6      | Found a hazy altar of Hepliaklqana.
  6095 | D:6      | Found a sacrificial altar of Ru.
  6095 | D:6      | Found a hide-covered altar of Uskayaw.
  6132 | D:6      | Found a blossoming altar of Fedhas.
  6152 | D:6      | Found an ornate altar of the Wu Jian Council.
  6152 | D:6      | Found an ancient bone altar of Kikubaaqudgha.
  6153 | D:6      | Found a shimmering altar of Xom.
  6284 | D:6      | Reached XP level 9. HP: 67/69 MP: 9/9
  6287 | D:6      | Found a radiant altar of Vehumet.
  6760 | D:6      | Found a stormy altar of Qazlal.
  7401 | D:7      | Reached skill level 5 in Armour
  7672 | D:7      | Noticed Prince Ribbit
  7700 | D:7      | Killed Prince Ribbit
  7700 | D:7      | Reached skill level 7 in Long Blades
  8438 | D:8      | Found a staircase to the Lair.
  8520 | D:7      | Reached XP level 10. HP: 77/79 MP: 10/10
  8816 | D:8      | Noticed Gastronok
  8854 | D:8      | Killed Gastronok
  8854 | D:8      | Reached skill level 8 in Long Blades
  9365 | D:8      | Identified the cursed +1 short sword of a sewer {drain,
                  | rF+++ Int-3 SInv}
 10028 | D:9      | Noticed Joseph
 10091 | D:9      | Killed Joseph
 10091 | D:9      | Reached XP level 11. HP: 28/87 MP: 11/11
 10364 | D:9      | Noticed Erica
 10378 | D:9      | Killed Erica
 10760 | D:9      | Reached skill level 9 in Long Blades
 11229 | D:10     | Entered Level 10 of the Dungeon
 11283 | D:10     | Got a crude long sword
 11289 | D:10     | Identified the cursed +1 long sword of Disembowelment
                  | {slice, Dex+2} (You found it on level 10 of the Dungeon)
 11471 | Lair:1   | Entered Level 1 of the Lair of Beasts
 11786 | Lair:1   | Noticed a seven-headed hydra
 12825 | Lair:2   | Reached skill level 1 in Shields
 13221 | Lair:2   | Noticed an eight-headed hydra
 13233 | Lair:2   | Killed a four-headed hydra
 13779 | Lair:2   | Reached XP level 12. HP: 72/96 MP: 12/12
 14796 | Lair:3   | Noticed a death yak
 14796 | Lair:3   | Noticed a death yak
 14917 | Lair:3   | Found a staircase to the Shoals.
 15322 | Lair:3   | Noticed a death yak
 15322 | Lair:3   | Noticed a death yak
 15406 | Lair:4   | Reached skill level 10 in Long Blades
 15406 | Lair:4   | Reached skill level 10 in Dodging
 15911 | Lair:4   | Found a staircase to the Snake Pit.
 16142 | Lair:4   | Reached skill level 10 in Fighting
 16851 | Lair:5   | Noticed a seven-headed hydra
 17012 | Lair:5   | Found a runed translucent gate.
 17076 | Lair:5   | Noticed will825x's ghost (journeyman GrEE)
 17076 | Lair:5   | Noticed an ice dragon
 17140 | Lair:5   | Found a staircase to the Slime Pits.
 17311 | Lair:5   | Reached XP level 13. HP: 104/104 MP: 13/13
 17401 | Lair:5   | Found a runed translucent gate.
 17401 | Lair:5   | Found a runed translucent gate.
 17425 | Lair:5   | Noticed a six-headed hydra
 17690 | Lair:6   | Entered Level 6 of the Lair of Beasts
 17730 | Lair:6   | Noticed a seven-headed hydra
 17925 | Lair:6   | Killed a four-headed hydra
 17948 | Lair:6   | Noticed a seven-headed hydra
 17972 | Lair:6   | Killed a three-headed hydra
 18233 | Lair:6   | Reached skill level 10 in Armour
 18370 | Lair:6   | Got a pair of transparent boots
 18381 | Lair:6   | Identified the cursed +0 pair of boots of the Untouchables
                  | {Str+3} (You found it on level 6 of the Lair of Beasts)
 18388 | Lair:6   | Reached skill level 11 in Long Blades
 18687 | Lair:6   | Noticed a six-headed hydra
 18721 | Lair:6   | Killed a three-headed hydra
 20132 | Lair:6   | Noticed a catoblepas
 20269 | Lair:6   | Reached XP level 14. HP: 113/113 MP: 14/14
 20794 | Lair:6   | Reached skill level 12 in Long Blades
 21673 | D:8      | Identified a +0 pair of boots of running (You found it on
                  | level 6 of the Lair of Beasts)
 21941 | D:10     | Noticed Josephine
 21953 | D:9      | Killed Josephine
 22169 | D:10     | Identified the Almanac of Orientation
 23040 | D:11     | Found a staircase to the Orcish Mines.
 23573 | Orc:1    | Entered Level 1 of the Orcish Mines
 23721 | Orc:1    | Found Qoasto Kusto's Weapon Emporium.
 23841 | Orc:2    | Entered Level 2 of the Orcish Mines
 23996 | Orc:2    | Found a roughly hewn altar of Beogh.
 24089 | Orc:2    | Found a staircase to the Elven Halls.
 24554 | Orc:2    | Noticed an orc warlord
 24590 | Orc:2    | Killed an orc warlord
 24623 | Orc:2    | Reached XP level 15. HP: 122/122 MP: 15/15
 24646 | Orc:2    | Paralysed by an orc sorcerer for 4 turns
 26021 | Orc:2    | Found Murea's Antique Armour Shop.
 26037 | Orc:2    | Found Bisuahau's Antique Weapon Boutique.
 26039 | Orc:2    | Found Vaidul's General Store.
 26039 | Orc:2    | Found Liskic's Jewellery Shop.
 26045 | Orc:2    | Bought a scroll of identify for 34 gold pieces
 26054 | Orc:2    | Bought a faintly glowing fustibalus for 500 gold pieces
 26055 | Orc:2    | Bought a translucent leather armour for 168 gold pieces
 26055 | Orc:2    | Bought a pair of runed gloves for 180 gold pieces
 26075 | Orc:2    | Identified the +1 leather armour "Cieckuecs" {Int-4 Dex+5}
                  | (You bought it in a shop on level 2 of the Orcish Mines)
 26075 | Orc:2    | Bought glowing ice dragon scales for 1512 gold pieces
 26247 | Orc:2    | Identified the cursed +1 fustibalus "Spiderbane" {velocity,
                  | rElec MR+} (You bought it in a shop on level 2 of the
                  | Orcish Mines)
 27128 | Lair:5   | Killed will825x's ghost
 27128 | Lair:5   | Reached skill level 13 in Long Blades
 27400 | Lair:5   | Got the ring "Xoorociv" {Fire}
 27412 | Lair:5   | Identified the ring "Xoorociv" {Fire +Fly MR+ SInv} (You
                  | found it on level 5 of the Lair of Beasts)
 27756 | D:12     | Got a steaming lapis lazuli ring
 27761 | D:12     | Identified the ring "Ciafrih" {rC+ rN+ Str+2 Int+3} (You
                  | found it on level 12 of the Dungeon)
 28265 | D:12     | Found a white marble altar of Elyvilon.
 28962 | D:13     | Found a gate to the Vaults.
 29788 | D:14     | Found a blossoming altar of Fedhas.
 30038 | D:14     | Noticed Azrael
 30130 | D:14     | Killed Azrael
 30228 | D:14     | Noticed Roxanne
 30281 | D:14     | Killed Roxanne
 30281 | D:14     | Reached XP level 16. HP: 102/133 MP: 16/16
 30639 | D:15     | Entered Level 15 of the Dungeon
 31269 | D:15     | Found a staircase to the Depths.
 31269 | D:15     | Noticed a fire giant
 31402 | D:15     | Killed a fire giant
 32085 | D:15     | Noticed Agnes
 32106 | D:15     | Killed Agnes
 32106 | D:15     | Reached skill level 14 in Long Blades
 32528 | Snake:1  | Entered Level 1 of the Snake Pit
 32628 | Snake:1  | Noticed Aizul
 32653 | Snake:1  | Killed Aizul
 32662 | Snake:1  | Reached skill level 15 in Fighting
 33251 | Snake:1  | Noticed Frances
 33284 | Snake:1  | Killed Frances
 33410 | Snake:1  | Noticed Jorgrun
 33454 | Snake:1  | Killed Jorgrun
 34131 | Snake:2  | Noticed a nagaraja
 34155 | Snake:2  | Killed a nagaraja
 34161 | Snake:2  | Reached XP level 17. HP: 53/142 MP: 17/17
 34577 | Snake:2  | Reached skill level 15 in Dodging
 34738 | Snake:2  | You fall into a shaft and drop 1 floor!
 34886 | Snake:2  | Reached skill level 1 in Slings
 36320 | Snake:3  | Found Daezxukh's Book Shoppe.
 36682 | Snake:3  | Reached skill level 15 in Armour
 37233 | Snake:3  | Got an encrusted quarterstaff
 37235 | Snake:3  | Identified the +12 quarterstaff of Honesty {vamp, *Corrode
                  | Str+6} (You found it on level 3 of the Snake Pit)
 37257 | Snake:4  | Entered Level 4 of the Snake Pit
 37335 | Snake:4  | Reached skill level 5 in Slings
 37826 | Snake:4  | Noticed pentaxis93's ghost (adept DsAK)
 37826 | Snake:4  | Identified the +6 battleaxe of Ulueleh {chop, +Fly rElec
                  | rC++ Stlth+}
 37828 | Snake:4  | Found a transporter.
 37836 | Snake:4  | Found a bloodstained altar of Trog.
 37919 | Snake:4  | Reached skill level 15 in Long Blades
 38320 | Snake:4  | Reached XP level 18. HP: 131/149 MP: 14/18
 38678 | Snake:4  | Identified the cursed +0 quarterstaff of Infection
                  | {distort, +Blink MR+ Dex+4 Stlth-}
 38685 | Snake:4  | Found a transporter.
 39375 | Snake:4  | Reached skill level 16 in Long Blades
 39424 | Snake:4  | HP: 7/149 [poisoned by a nagaraja (splash of poison)]
 39429 | Snake:3  | HP: 7/149 [poisoned by a nagaraja (splash of poison)]
 40991 | Snake:4  | Reached skill level 17 in Long Blades
 41919 | Snake:4  | Got a serpentine rune of Zot
 42421 | D:8      | Bought a jewelled crystal plate armour for 2890 gold pieces
 42431 | D:8      | Identified the +13 crystal plate armour of Caodapn {+Blink
                  | MR+++ MP+9 Str-4} (You bought it in a shop on level 8 of
                  | the Dungeon)
 42483 | D:8      | Bought a +2 great sword of electrocution for 535 gold
                  | pieces
 42577 | Shoals:1 | Entered Level 1 of the Shoals
 43053 | Shoals:1 | Reached skill level 18 in Long Blades
 43679 | Shoals:1 | Reached XP level 19. HP: 155/155 MP: 19/19
 43842 | Shoals:2 | HP: 4/155 [merfolk impaler/+1 trident of freezing (5)]
 43845 | Shoals:2 | Slain by a merfolk impaler

Levels and vault maps discovered:
D:1:      ebering_trefoil_3fold, layout_rooms, hangedman_decor_push
D:2:      layout_loops_ring, nemelex_xobeh_ov_fountains_minmay,
          lightli_temple_of_fire, lemuel_crystal_altar, bloody_trog,
          uniq_crazy_yiuf_cottage, uniq_robin
D:3:      layout_loops_ring, lemuel_doored_altar, overflow_temple_1_default,
          zin_scriptorium, hangedman_abyss_or_decor_stabs
D:4:      layout_basic, marbit_many_paths, minmay_temple_entry_glass,
          uniq_natasha
D:5:      layout_gridville, first_ration, uniq_eustachio
D:6:      layout_basic, grunt_qazlal_clouds, nicolae_overflow_crystal_walls,
          overflow_temple_1_default, grunt_temple_overflow_open
D:7:      layout_gridville, uniq_prince_ribbit1
D:8:      layout_gridville, lair_entry_dummy, special_room [special_room_orc],
          uniq_gastronok
D:9:      layout_basic, uniq_erica, uniq_joseph
D:10:     layout_rooms, uniq_josephine
D:11:     layout_big_octagon, orc_0_dummy, grunt_tengu_nest
D:12:     layout_loops_ring, elyvilon_altar_5
D:13:     layout_stronghold, david_vaults_1
D:14:     layout_roguey, palyth_stone_intersect, basic_altar,
          minmay_misc_feat_columns, uniq_roxanne, uniq_azrael
D:15:     grunt_enter_depths_giant_problem, layout_irregular_city, nrook_uturn,
          uniq_agnes
Temple:   corrupted_temple
Lair:1:   layout_chaotic_city, minmay_hedge_maze,
          chequers_serial_rivers_large_a, grunt_megastairs_3
Lair:2:   layout_layer_cave, serial_bayou_shore_a
Lair:3:   layout_regular_city, elwin_shoals_entry_rooms
Lair:4:   layout_cave_pods, minmay_snake_entry_guardpost_small,
          roderic_carrion_pond, grunt_megastairs_2
Lair:5:   layout_loops_ring, nicolae_slime_entry_slimehenge,
          gammafunk_ghost_icy, lemuel_fruit_fields, serial_bayou_shore_b,
          minmay_lair_oklob_chamber, lemuel_fruit_fields
Lair:6:   grunt_lair_end_beastmaster, layout_regular_city,
          chequers_serial_rivers_room_a, bh_autumn_forest_stairs
Shoals:1: layout_shoals, centaur_isle
Shoals:2: layout_shoals
Snake:1:  layout_rooms, uniq_aizul, uniq_frances, uniq_jorgrun
Snake:2:  layout_honeycomb
Snake:3:  layout_misc_corridors, serial_shops, shop
Snake:4:  snake_pit, layout_misc_corridors, gammafunk_ghost_wrathful_warriors,
          grunt_megastairs_4, serial_bayou_shore_b
Orc:1:    layout_diamond_mine, serial_shops, shop, ebering_ghost_inner_flame
Orc:2:    st_orc_congregation, layout_diamond_mine, basic_altar

Skill      XL: |  1  2  3  4  5  6  7  8  9 10 11 12 13 14 15 16 17 18 |
---------------+-------------------------------------------------------+-----
Fighting       | 3 4 5 7 8 9 10 11 12 14 15 | 15.0
Long Blades    | 4 5 6 7 8 9 10 11 12 13 14 15 18 | 18.2
Dodging        | 4 5 6 7 8 9 10 11 12 13 14 15 | 15.0
Armour         | 1 2 4 5 7 8 9 10 12 13 14 15 | 15.0
Shields        | 2 4 |  4.4
Slings         | 6 |  6.0
Throwing       | |  2.0

Action                   |  1- 3 |  4- 6 |  7- 9 | 10-12 | 13-15 | 16-18 | 19-21 || total
-------------------------+-------+-------+-------+-------+-------+-------+-------++-------
Melee: Long sword        |    48 |   205 |     5 |       |       |       |       ||   258
       Flail             |       |       |   255 |   187 |       |       |       ||   442
       Scimitar          |       |       |       |   346 |  1437 |  1676 |       ||  3459
       Great sword       |       |       |       |       |       |   139 |    44 ||   183
 Fire: Fustibalus        |       |       |       |       |    79 |   102 |    16 ||   197
Throw: Boomerang         |       |    12 |    49 |    48 |       |       |       ||   109
       Throwing net      |       |     2 |       |     1 |       |       |       ||     3
       Dart              |       |       |     6 |   109 |    66 |     5 |       ||   186
Invok: Call Merchant     |       |       |       |       |     4 |     1 |       ||     5
       Potion Petition   |       |       |       |       |     1 |     1 |       ||     2
Evoke: Wand              |       |       |       |     3 |    22 |       |     1 ||    26
  Use: Scroll            |       |       |     7 |     9 |    12 |    11 |     2 ||    41
       Potion            |       |       |       |     1 |       |       |     1 ||     2
 Stab: Sleeping          |     1 |       |     2 |     7 |       |       |       ||    10
       Distracted        |       |       |     3 |     3 |     9 |    11 |       ||    26
       Held in net/web   |       |       |       |     3 |       |       |       ||     3
  Eat: Chunk             |       |     6 |     3 |     2 |       |       |       ||    11
       Ration            |       |     1 |     5 |     7 |    13 |    13 |       ||    39
Armor: Leather armour    |     7 |    10 |    51 |   105 |   184 |       |       ||   357
       Ring mail         |       |    53 |    47 |       |       |       |       ||   100
       Skin              |       |       |       |    10 |       |       |       ||    10
       Ice dragon scales |       |       |       |       |   121 |   464 |       ||   585
       Crystal plate arm |       |       |       |       |       |   110 |    66 ||   176
Dodge: Dodged            |    27 |   138 |   225 |   404 |   772 |   969 |    14 ||  2549
Block: Buckler           |       |       |       |    67 |   362 |   474 |       ||   903
       Rpst.: Long sword |     9 |    37 |     2 |       |       |       |       ||    48
       Scimitar          |       |       |       |    63 |   200 |   168 |       ||   431
       Great sword       |       |       |       |       |       |    11 |     4 ||    15

Table legend:
 A = Non-vault XP
 B = Vault XP
 C = Vault XP percentage of total XP
 D = Non-vault monster count
 E = Vault monster count
 F = Vault count percentage of total count
                 A         B        C        D         E       F
            +---------+---------+-------+---------+---------+-------
      Total |  180481 |   87798 |  32.7 |     733 |     229 |  23.8
            +---------+---------+-------+---------+---------+-------
        D:1 |      12 |       0 |   0.0 |       7 |       0 |   0.0
        D:2 |     140 |      78 |  35.8 |      21 |      11 |  34.4
        D:3 |     270 |       0 |   0.0 |      27 |       0 |   0.0
        D:4 |     545 |     226 |  29.3 |      28 |       2 |   6.7
        D:5 |     506 |       0 |   0.0 |      13 |       0 |   0.0
        D:6 |     711 |       0 |   0.0 |      29 |       0 |   0.0
        D:7 |     885 |     398 |  31.0 |      27 |       2 |   6.9
        D:8 |    1144 |    2534 |  68.9 |      16 |      26 |  61.9
        D:9 |    2552 |    3055 |  54.5 |      20 |       6 |  23.1
       D:10 |    2264 |     205 |   8.3 |      16 |       1 |   5.9
       D:11 |    3394 |     882 |  20.6 |      31 |       1 |   3.1
       D:12 |    6443 |       0 |   0.0 |      44 |       0 |   0.0
       D:13 |   10024 |    1906 |  16.0 |      50 |       4 |   7.4
       D:14 |    3903 |    3882 |  49.9 |      25 |       6 |  19.4
       D:15 |   13920 |    3696 |  21.0 |      49 |       2 |   3.9
     Lair:1 |    2070 |     400 |  16.2 |       8 |       2 |  20.0
     Lair:2 |    4204 |       0 |   0.0 |      15 |       0 |   0.0
     Lair:3 |    5566 |       0 |   0.0 |      19 |       0 |   0.0
     Lair:4 |    1990 |    1553 |  43.8 |      11 |       9 |  45.0
     Lair:5 |    7504 |    3451 |  31.5 |      28 |      14 |  33.3
     Lair:6 |   16576 |    9027 |  35.3 |      59 |      18 |  23.4
   Shoals:1 |    9455 |    1372 |  12.7 |      20 |       5 |  20.0
   Shoals:2 |    1043 |       0 |   0.0 |       1 |       0 |   0.0
    Snake:1 |   13500 |    7027 |  34.2 |      25 |       3 |  10.7
    Snake:2 |   25848 |       0 |   0.0 |      36 |       0 |   0.0
    Snake:3 |   14241 |     952 |   6.3 |      29 |       1 |   3.3
    Snake:4 |   30878 |   36393 |  54.1 |      61 |      54 |  47.0
      Orc:1 |     635 |       0 |   0.0 |      13 |       0 |   0.0
      Orc:2 |     258 |   10761 |  97.7 |       5 |      62 |  92.5
            +---------+---------+-------+---------+---------+-------
